 Dungeon Crawl Stone Soup version 0.19-a0-1672-g679cadd (webtiles) character file.

2972 khekkus the Destroyer (level 9, -1/48 HPs)
             Began as a Deep Elf Conjurer on Sept 22, 2016.
             Was a Follower of Vehumet.
             Killed from afar by a lindwurm (49 damage)
             ... with a blast of flame
             ... on level 8 of the Dungeon.
             The game lasted 00:39:51 (8134 turns).

khekkus the Destroyer (Deep Elf Conjurer)           Turns: 8134, Time: 00:39:52

Health: -1/48      AC:  5    Str: 12    XL:     9   Next: 53%
Magic:  10/17      EV: 14    Int: 21    God:    Vehumet [*.....]
Gold:   288        SH:  0    Dex: 15    Spells: 5 memorised, 1 level left

rFire  . . .     SeeInvis .     a - +3 dagger (speed)
rCold  . . .     Gourm    .     h - +1 robe
rNeg   . . .     Faith    .     (no shield)
rPois  .         Spirit   .     (no helmet)
rElec  .         Dismiss  .     (no cloak)
rCorr  .         Reflect  .     A - +0 pair of gloves
MR     .....     Harm     +     y - +0 pair of boots
Stlth  ++........               q - amulet of harm
                                (no ring)
                                s - +4 ring of strength

@: no status effects
A: no striking features
a: Renounce Religion


You were on level 8 of the Dungeon.
You worshipped Vehumet.
Vehumet was aware of your devotion.
You were hungry.

You visited 2 branches of the dungeon, and saw 9 of its levels.

You collected 288 gold pieces.

Inventory:

Hand Weapons
 a - a +3 dagger of speed (weapon)
 b - a +0 dagger of protection
 F - a cursed -3 dagger
Armour
 h - a +1 robe (worn)
 y - a +0 pair of boots (worn)
 A - a +0 pair of gloves (worn)
Jewellery
 q - an amulet of harm (around neck)
 s - a +4 ring of strength (left hand)
Wands
 e - a wand of lightning (13/15)
 w - a wand of iceblast (9/15)
 x - a wand of lightning (5/15)
Scrolls
 g - 5 scrolls of remove curse
 k - 3 scrolls of immolation
 m - 2 scrolls of recharging
 p - a scroll of fear
 C - 2 scrolls of identify
 E - a scroll of enchant weapon
Potions
 l - 2 potions of haste
 n - a potion of invisibility
 o - 2 potions of heal wounds
 r - 3 potions of curing {unknown}
 t - a potion of cancellation
 B - a potion of lignification {unknown}
Books
 f - a book of Callings

   Spells                             Type                      Level
   a - Summon Small Mammal            Summoning                    1
   b - Call Imp                       Summoning                    2
   c - Call Canine Familiar           Summoning                    3
   d - Summon Guardian Golem          Hexes/Summoning              3
   e - Summon Lightning Spire         Summoning/Air                4
   f - Summon Ice Beast               Ice/Summoning                4
 j - a book of Conjurations

   Spells                             Type                      Level
   a - Magic Dart                     Conjuration                  1
   b - Searing Ray                    Conjuration                  2
   c - Dazzling Spray                 Conjuration/Hexes            3
   d - Fulminant Prism                Conjuration/Hexes            4
   e - Iskenderun's Mystic Blast      Conjuration                  4
   f - Iskenderun's Battlesphere      Conjuration/Charms           5
 v - a book of Flames

   Spells                             Type                      Level
   a - Flame Tongue                   Conjuration/Fire             1
   b - Throw Flame                    Conjuration/Fire             2
   c - Conjure Flame                  Conjuration/Fire             3
   d - Inner Flame                    Hexes/Fire                   3
   e - Sticky Flame                   Conjuration/Fire             4
   f - Fireball                       Conjuration/Fire             5
Comestibles
 c - 10 bread rations
 d - 4 beef jerkies
 u - 5 meat rations
 z - a royal jelly


   Skills:
 + Level 2.0 Fighting
 + Level 3.8 Dodging
 - Level 2.4 Stealth
 + Level 4.6 Spellcasting
 * Level 10.9 Conjurations
 + Level 9.9 Charms
 * Level 4.6 Fire Magic


You had one spell level left.
You knew the following spells:

 Your Spells              Type           Power        Failure   Level  Hunger
a - Magic Dart            Conj           ####         1%          1    None
b - Searing Ray           Conj           ######       1%          2    #......
c - Iskenderun's Battles  Conj/Chrm      #####...     4%          5    ######.
d - Conjure Flame         Conj/Fire      #####...     1%          3    ##.....
e - Fireball              Conj/Fire      #####.....   17%         5    ######.


Dungeon Overview and Level Annotations

Branches:
Dungeon (8/15)             Temple (1/1) D:5
   Lair: D:8-11

Altars:
Ashenzari
Cheibriados
Dithmenos
Elyvilon
Fedhas
Gozag
Hepliaklqana
Kikubaaqudgha
Makhleb
Nemelex Xobeh
Okawaru
Qazlal
Ru
Sif Muna
Trog
Uskayaw
Vehumet
Xom
Yredelemnul
Zin
The Shining One


Message History

Confirm with . or Enter, or press ? or * to list all spells.
Aiming: Magic Dart
Press: ? - help, Shift-Dir - straight line, f - lindwurm
Aim: a lindwurm (resting)
The magic dart hits the lindwurm.
The lindwurm is lightly wounded.
Casting: Magic Dart
Confirm with . or Enter, or press ? or * to list all spells.
Aiming: Magic Dart
Press: ? - help, Shift-Dir - straight line, f/p - lindwurm
Aim: a lindwurm (lightly wounded)
The magic dart hits the lindwurm.
The lindwurm is lightly wounded.
Your battlesphere fires!
The barrage of energy hits the lindwurm.
The lindwurm is moderately wounded.
The lindwurm breathes flames at you. The blast of flame hits you!
Ouch! That really hurt!
You die...

># #.# #.##.≈≈≈≈≈.## ##.≈§§§§ .#
#.# #.##.§≈≈≈≈.##?> ##§§≈≈≈≈
.####.###.##.§§§≈≈.(#.) .#..≈§≈§.
........<.##.§§§§≈≈.k####.§≈≈§≈≈.
..###...####..§≈≈§≈§..##...≈≈≈§≈.
.........###..§≈≈§≈≈≈....≈§§§≈§..
..##...........≈§≈≈≈≈≈≈≈≈§≈§§§≈..
.###............§§§≈§≈≈≈§§§≈§§...
.# #.#.######...@§§≈≈≈§≈≈≈≈≈§....
.# #.#..........§§§≈≈≈§≈§≈≈.....#
.# #.#########........≈≈§§.....##
.###.# ##...........?..###.
.<...# ###########.######. ###..#
#........ #..# #######.# #..# #.#
# #..# #.#


You could see a lindwurm.

Vanquished Creatures
  The ghost of Ijustatesigmund the Magician, a novice DEWz of Cheibriados (D:6)
  A spriggan (D:7)
  Menkaure (D:5)
  A water moccasin (D:8)
  2 phantoms
  2 ice beasts
  2 sky beasts
  3 ogres
  2 centaurs
  2 bullfrogs
  A scorpion (D:7)
  2 electric eels (D:7)
  A crimson imp (D:5)
  A bullfrog zombie (D:6)
  3 hounds
  3 orc priests
  2 bullfrog skeletons
  9 orc wizards
  A centaur skeleton (D:7)
  An iguana (D:8)
  Natasha (D:3)
  5 worker ants
  Terence (D:3)
  8 gnolls
  7 adders
  An ooze (D:3)
  An adder skeleton (D:5)
  A worm (D:3)
  4 dart slugs
  5 leopard geckos
  23 orcs
  2 ball pythons
  4 giant cockroaches
  12 goblins
  7 hobgoblins
  12 jackals
  4 quokkas
  6 bats
  4 frilled lizards
  5 kobolds
  A leopard gecko zombie (D:6)
  12 rats
167 creatures vanquished.

Vanquished Creatures (others)
  A frilled lizard (D:2)
1 creature vanquished.

Grand Total: 168 creatures vanquished

Notes
Turn   | Place    | Note
-------+----------+-------------------------------------------
     0 | D:1      | khekkus the Deep Elf Conjurer began the quest for the Orb.
     0 | D:1      | Reached XP level 1. HP: 10/10 MP: 6/6
   469 | D:1      | Reached XP level 2. HP: 15/15 MP: 6/8
   502 | D:1      | Reached skill level 5 in Conjurations
   883 | D:1      | Learned a level 2 spell: Searing Ray
   965 | D:2      | Found a white marble altar of Elyvilon.
  1020 | D:2      | Found a sparkling altar of Nemelex Xobeh.
  1025 | D:2      | Reached XP level 3. HP: 19/19 MP: 7/9
  1710 | D:2      | Reached skill level 6 in Conjurations
  1802 | D:2      | Found a stormy altar of Qazlal.
  1843 | D:3      | Reached XP level 4. HP: 24/24 MP: 8/10
  1854 | D:3      | Noticed Terence
  2150 | D:2      | Reached skill level 7 in Conjurations
  2150 | D:2      | Reached XP level 5. HP: 28/28 MP: 8/11
  2157 | D:2      | Learned a level 5 spell: Iskenderun's Battlesphere
  2333 | D:3      | Noticed Natasha
  2509 | D:3      | Killed Terence
  2509 | D:3      | Reached skill level 1 in Charms
  3035 | D:3      | Found a shadowy altar of Dithmenos.
  3135 | D:3      | Killed Natasha
  3318 | D:3      | Reached XP level 6. HP: 25/32 MP: 7/12
  4203 | D:4      | Reached skill level 8 in Conjurations
  4480 | D:4      | Learned a level 3 spell: Conjure Flame
  4578 | D:4      | Found a burning altar of Makhleb.
  4632 | D:4      | You fall through a shaft for 3 floors!
  4655 | D:7      | Reached skill level 5 in Charms
  4658 | D:7      | Reached XP level 7. HP: 28/36 MP: 5/13
  4961 | D:6      | Noticed Ijustatesigmund's ghost (novice DEWz)
  5238 | D:6      | Reached skill level 9 in Conjurations
  5279 | D:6      | Killed Ijustatesigmund's ghost
  5279 | D:6      | Reached XP level 8. HP: 38/41 MP: 5/14
  5298 | D:5      | Entered Level 5 of the Dungeon
  5298 | D:5      | Found an opulent altar of Gozag.
  5526 | D:5      | Reached skill level 10 in Conjurations
  5531 | D:5      | Found a blossoming altar of Fedhas.
  5533 | D:5      | Reached skill level 1 in Fire Magic
  5574 | D:5      | Found a staircase to the Ecumenical Temple.
  5585 | Temple   | Entered the Ecumenical Temple
  5819 | D:5      | Found an iron altar of Okawaru.
  6081 | D:5      | Noticed Menkaure
  6135 | D:5      | Killed Menkaure
  6135 | D:5      | Reached skill level 1 in Fighting
  6350 | D:6      | Found a radiant altar of Vehumet.
  6364 | D:6      | Became a worshipper of Vehumet
  6487 | D:7      | Reached XP level 9. HP: 38/47 MP: 3/16
  6986 | D:7      | Learned a level 5 spell: Fireball
  7035 | D:7      | Found a shimmering altar of Xom.
  7934 | D:8      | Reached * piety under Vehumet
  7934 | D:8      | Offered knowledge of Sandblast by Vehumet.
  8131 | D:8      | Noticed a lindwurm
  8134 | D:8      | Killed from afar by a lindwurm

Vault maps used:
D:1:      dpeg_arrival_pits
D:2:      lemuel_round_altar, elyvilon_altar_4, old_standard_altar, first_bread,
          minmay_misc_feat_chi
D:3:      grunt_dithmenos_smoke_and_mirrors, guppyfry_early_lair_pool,
          uniq_terence, uniq_natasha
D:4:      lightli_temple_of_fire
D:5:      nicolae_gozag_seed_capital, fedhas_altar_1,
          kennysheep_okawaru_gauntlet, uniq_menkaure
D:6:      vehumet_altar_wand_db, kennysheep_generic_room_4
D:7:      nicolae_overflow_hidden_temple, serial_bayou_lagoon_a, the_bakery
D:8:      minmay_lindwurm_lava
Temple:   minmay_temple_bridge_abc

Skill      XL: |  1  2  3  4  5  6  7  8  9 |
---------------+----------------------------+-----
Conjurations   | 5 6 7 8 9 10 | 10.9
Charms         | 3 5 8 9 |  9.9
Fire Magic     | 3 4 |  4.6
Fighting       | 1 2 |  2.0
Dodging        | 3 |  3.8
Spellcasting   | 4 |  4.6
Stealth        | |  2.4

Action                   |  1- 3 |  4- 6 |  7- 9 || total
-------------------------+-------+-------+-------++-------
Melee: Dagger            |       |       |     5 ||     5
 Cast: Magic Dart        |    64 |    83 |    99 ||   246
       Searing Ray       |     4 |    18 |    12 ||    34
       Iskenderun's Batt |       |       |    34 ||    34
  Use: Scroll            |     9 |     3 |     5 ||    17
       Potion            |       |     1 |       ||     1
  Eat: Chunk             |     3 |     4 |    12 ||    19
       Meat ration       |       |     1 |     1 ||     2
       Fruit             |       |       |     5 ||     5
Armor: Robe              |     5 |     4 |     4 ||    13
Dodge: Dodged            |     7 |    18 |    20 ||    45
